 Dungeon Crawl Stone Soup version 0.18-a0-1539-g1c7284a (webtiles) character file.

62 namelastname112 the Insei (level 3, -3/31 HPs)
             Began as a Draconian Monk on Mar 9, 2016.
             Slain by an ogre
             ... wielding a +0 giant club
              (15 damage)
             ... on level 3 of the Dungeon.
             The game lasted 00:02:15 (1721 turns).

namelastname112 the Insei (Draconian Monk)          Turns: 1721, Time: 00:02:15

Health: -3/31      AC:  5    Str: 13    XL:     3   Next: 85%
Magic:  3/3        EV: 16    Int: 10    God:
Gold:   74         SH:  0    Dex: 14    Spells: 0 memorised, 2 levels left

rFire  . . .     SeeInvis .       - Unarmed
rCold  . . .     Gourm    .     (armour unavailable)
rNeg   . . .     Faith    .     (no shield)
rPois  .         Spirit   .     (helmet restricted)
rElec  .         Dismiss  .     (no cloak)
rCorr  .         Reflect  .     (no gloves)
SustAt .         Harm     +     (no boots)
MR     .....                    k - amulet of harm
Stlth  ++........               g - ring of flight
                                c - +3 ring of evasion

@: not resistant to hostile enchantments, unstealthy
A: unfitting armour, cold-blooded, AC +5
a: Evoke Flight


You were on level 3 of the Dungeon.
You were not hungry.

You visited 1 branch of the dungeon, and saw 3 of its levels.

You collected 74 gold pieces.

Inventory:

Jewellery
 c - a +3 ring of evasion (left hand)
 g - a ring of flight (right hand)
 k - an amulet of harm (around neck)
Scrolls
 d - 4 scrolls of identify {unknown}
 e - 2 scrolls of remove curse {unknown}
 f - a scroll of enchant weapon {unknown}
 h - a scroll of recharging {unknown}
 j - a scroll of teleportation {unknown}
 m - 2 scrolls of immolation {unknown}
Potions
 b - a potion of cure mutation {unknown}
 l - a potion of lignification {unknown}
 n - a potion of curing {unknown}
Comestibles
 a - 3 bread rations
 i - a meat ration


   Skills:
 - Level 3.2 Fighting
 - Level 2.6 Dodging
 - Level 1.7 Stealth
 + Level 5.5 Unarmed Combat


You had 2 spell levels left.
You didn't know any spells.

Dungeon Overview and Level Annotations

Branches:
Dungeon (3/15)

Altars:


Innate Abilities, Weirdness & Mutations

Your plain brown scales are hard (AC +5).
Your body does not fit into most forms of armour.
You are cold-blooded and may be slowed by cold attacks.


Message History

An ogre comes into view. It is wielding a giant club.
An ogre is nearby!
The ogre shouts!
The ogre closely misses you.
You hit the ogre but do no damage. You tail-slap the ogre.
The ogre is lightly wounded.
The ogre hits you with a giant club!
Ouch! That really hurt!
You hit the ogre.
The ogre is lightly wounded.
The ogre barely misses you.
You barely miss the ogre. You punch the ogre.
The ogre is moderately wounded.
You hit the ogre.
The ogre is heavily wounded.
The ogre closely misses you.
You hit the ogre.
The ogre is heavily wounded.
The ogre hits you with a giant club!
You die...

....# .# #...# .#
#########...######.#
............#......#
#...................#
#...........##......#
...........##......####
................@O.....#
.###.....#.............#
...#.....##............#
...#.....##....<.......#
.........##.##....#.####
.........#...)....#.###
......###.............#
......###.............#
........#.............#


You could see an ogre.

Vanquished Creatures
  Jessica (D:2)
  A dart slug (D:1)
  A giant gecko (D:2)
  A giant cockroach (D:2)
  4 goblins (D:2)
  5 hobgoblins
  2 kobolds
  8 bats
  3 giant newts
  6 rats
32 creatures vanquished.

Notes
Turn   | Place    | Note
--------------------------------------------------------------
     0 | D:1      | namelastname112 the Draconian Monk began the quest for the Orb.
     0 | D:1      | Reached XP level 1. HP: 19/19 MP: 1/1
   518 | D:1      | Reached XP level 2. HP: 26/26 MP: 2/2
  1071 | D:2      | Noticed Jessica
  1079 | D:2      | Killed Jessica
  1079 | D:2      | Reached skill level 5 in Unarmed Combat
  1079 | D:2      | Reached XP level 3. HP: 17/31 MP: 3/3
  1712 | D:3      | Noticed an ogre
  1721 | D:3      | Slain by an ogre

Vault maps used:
D:1:      lightli_arrival_statuegarden, serial_forest,
          infiniplex_forest_straight_5, infiniplex_forest_lined_room_3,
          infiniplex_forest_lined_3, infiniplex_forest_lined_corner,
          infiniplex_forest_clump_large, infiniplex_forest_lined_1,
          infiniplex_forest_clump_large, infiniplex_forest_corner_1
D:2:      first_bread, uniq_jessica

Skill      XL: |  1  2 |
---------------+-------+-----
Unarmed Combat | 5 |  5.5
Fighting       | |  3.2
Dodging        | |  2.6
Stealth        | |  1.7

Action                   || total
-------------------------++-------
Melee: Unarmed           ||    83
 Stab: Sleeping          ||     1
  Eat: Chunk             ||     2
